| TOP OF THE 1ST |
|
Johnson City Cardinals batting - Pitching for Billings Mustangs : RHP Larry McPhee
|
|
Pitching: RHP Larry McPhee
|
|
|
Batting: RHB Juan Carrillo
|
0-0: Called Strike 0-1: Ground out 5-3 (Groundball, 56S, EV 68.1 MPH)
|
|
Batting: LHB Billy Lang
|
0-0: Fly out, F9 (Flyball, 9, EV 73.8 MPH)
|
|
Batting: SHB Justin Houser
|
0-0: Called Strike 0-1: Swinging Strike 0-2: Ball 1-2: Foul Ball, location: 2F 1-2: Foul Ball, location: 2F 1-2: Strikes out swinging
|
| Top of the 1st over - 0 runs, 0 hits, 0 errors, 0 left on base; Johnson City 0 - Billings 0 |
| BOTTOM OF THE 1ST |
|
Billings Mustangs batting - Pitching for Johnson City Cardinals : RHP Jaquan Alston
|
|
Pitching: RHP Jaquan Alston
|
|
|
Batting: RHB Alex de Leon
|
0-0: Foul Ball, location: 2F 0-1: Swinging Strike 0-2: Strikes out swinging, 2-3 out at first.
|
|
Batting: SHB Jaivata Mohanty
|
0-0: Foul Ball, location: 2F 0-1: Ball 1-1: Ball 2-1: Ball 3-1: Base on Balls
|
|
Batting: RHB Alex Villagomez
|
0-0: Swinging Strike 0-1: Called Strike 0-2: Fielders Choice at 2nd, 4-6 (Groundball, 34S, EV 87.5 MPH)
|
|
Batting: SHB David Garnica
|
0-0: Called Strike 0-1: Ball Passed Ball! Alex Villagomez to second 1-1: Ground out 5-3 (Groundball, 56, EV 104.4 MPH)
|
| Bottom of the 1st over - 0 runs, 0 hits, 0 errors, 1 left on base; Johnson City 0 - Billings 0 |
| TOP OF THE 2ND |
|
Johnson City Cardinals batting - Pitching for Billings Mustangs : RHP Larry McPhee
|
|
Batting: LHB Ignacio Ocampo
|
0-0: Ground out 4-3 (Groundball, 4S, EV 83.1 MPH)
|
|
Batting: RHB McGwire Jones
|
0-0: Ball 1-0: Ball 2-0: Fly out, F8 (Flyball, 8LM, EV 89.4 MPH)
|
|
Batting: RHB Jonathan Winkler
|
0-0: Ball 1-0: Foul Ball, location: 2F 1-1: Ball 2-1: Ball 3-1: Called Strike 3-2: Foul Ball, location: 2F 3-2: Base on Balls
|
|
Batting: SHB Justin Towry
|
0-0: Ball 1-0: Foul Ball, location: 2F 1-1: Hit by Pitch Jonathan Winkler to second
|
|
Batting: RHB Johnny Lowe
|
0-0: Called Strike 0-1: Ground out 4-3 (Groundball, 4MS, EV 83.8 MPH)
|
| Top of the 2nd over - 0 runs, 0 hits, 0 errors, 2 left on base; Johnson City 0 - Billings 0 |
| BOTTOM OF THE 2ND |
|
Billings Mustangs batting - Pitching for Johnson City Cardinals : RHP Jaquan Alston
|
|
Batting: RHB Alex Juarez
|
0-0: Ball 1-0: Ball 2-0: Ball 3-0: Called Strike 3-1: Base on Balls
|
|
Batting: RHB Gabriel Arias
|
0-0: Fly out, F8 (Flyball, 8LD, EV 102.5 MPH)
|
|
Batting: RHB Will Trudeau
|
0-0: Ball 1-0: DOUBLE (Line Drive, 78D, EV 103.8 MPH) Alex Juarez to third Runner from 3rd tries for Home, SAFE, no throw by LF
|
|
Batting: LHB Alex Ramos
|
0-0: Ball 1-0: Ball 2-0: Foul Ball, location: 2F 2-1: Ball Passed Ball! Will Trudeau to third 3-1: Base on Balls
|
|
Batting: RHB Omar Garce
|
0-0: Called Strike 0-1: Ball 1-1: Swinging Strike 1-2: Ball 2-2: Foul Ball, location: 2F 2-2: Ball 3-2: Grounds into double play, 1-4-3 (Groundball, 15S, EV 73.8 MPH)
|
| Bottom of the 2nd over - 1 run, 1 hit, 0 errors, 1 left on base; Johnson City 0 - Billings 1 |
| TOP OF THE 3RD |
|
Johnson City Cardinals batting - Pitching for Billings Mustangs : RHP Larry McPhee
|
|
Batting: RHB Pablo Nunez
|
0-0: Foul Ball, location: 2F 0-1: Ball 1-1: DOUBLE (Groundball, 5L, EV 106.2 MPH)
|
|
Batting: RHB Juan Carrillo
|
0-0: Ball 1-0: Called Strike 1-1: Swinging Strike 1-2: Ball 2-2: Strikes out swinging
|
|
Batting: LHB Billy Lang
|
0-0: Ball 1-0: Foul Ball, location: 2F 1-1: Ball 2-1: Foul Ball, location: 2F 2-2: Strikes out swinging
|
|
Batting: SHB Justin Houser
|
0-0: Called Strike 0-1: SINGLE (Groundball, 3S, EV 72.5 MPH) (infield hit) Pablo Nunez to third
|
|
Batting: LHB Ignacio Ocampo
|
0-0: Ball 1-0: Called Strike 1-1: Fly out, F7 (Line Drive, 7, EV 94.4 MPH)
|
| Top of the 3rd over - 0 runs, 2 hits, 0 errors, 2 left on base; Johnson City 0 - Billings 1 |
| BOTTOM OF THE 3RD |
|
Billings Mustangs batting - Pitching for Johnson City Cardinals : RHP Jaquan Alston
|
|
Batting: RHB Alex de Leon
|
0-0: Foul Ball, location: 2F 0-1: Foul Ball, location: 2F 0-2: Foul Ball, location: 2F 0-2: Foul Ball, location: 2F 0-2: Ball 1-2: Ball 2-2: SINGLE (Line Drive, 89S, EV 104.4 MPH)
|
|
Batting: SHB Jaivata Mohanty
|
0-0: Ball Alex de Leon is caught stealing 2nd base 2-6 1-0: Foul Ball, location: 2F 1-1: Foul Ball, location: 2F 1-2: Ball 2-2: Ball 3-2: Fly out, F7 (Line Drive, 7, EV 90.0 MPH)
|
|
Batting: RHB Alex Villagomez
|
0-0: Ball 1-0: Called Strike 1-1: Called Strike 1-2: Ball 2-2: Fly out, F7 (Line Drive, 7S, EV 91.2 MPH)
|
| Bottom of the 3rd over - 0 runs, 1 hit, 0 errors, 0 left on base; Johnson City 0 - Billings 1 |
| TOP OF THE 4TH |
|
Johnson City Cardinals batting - Pitching for Billings Mustangs : RHP Larry McPhee
|
|
Batting: RHB McGwire Jones
|
0-0: Foul Ball, location: 2F 0-1: Swinging Strike 0-2: Ball 1-2: Strikes out looking
|
|
Batting: RHB Jonathan Winkler
|
0-0: Ball 1-0: Called Strike 1-1: Foul Ball, location: 2F 1-2: Strikes out swinging
|
|
Batting: SHB Justin Towry
|
0-0: Ground out 4-3 (Groundball, 4M, EV 80.0 MPH)
|
| Top of the 4th over - 0 runs, 0 hits, 0 errors, 0 left on base; Johnson City 0 - Billings 1 |
| BOTTOM OF THE 4TH |
|
Billings Mustangs batting - Pitching for Johnson City Cardinals : RHP Jaquan Alston
|
|
Batting: SHB David Garnica
|
0-0: Ground out 3-1 (Groundball, 34, EV 93.8 MPH)
|
|
Batting: RHB Alex Juarez
|
0-0: Called Strike 0-1: Foul Ball, location: 2F 0-2: Foul Ball, location: 2F 0-2: Strikes out swinging
|
|
Batting: RHB Gabriel Arias
|
0-0: Foul Ball, location: 2F 0-1: Ball 1-1: Called Strike 1-2: Ball 2-2: Fly out, F2 (Popup, 2RF, EV 88.1 MPH)
|
| Bottom of the 4th over - 0 runs, 0 hits, 0 errors, 0 left on base; Johnson City 0 - Billings 1 |
| TOP OF THE 5TH |
|
Johnson City Cardinals batting - Pitching for Billings Mustangs : RHP Larry McPhee
|
|
Batting: RHB Johnny Lowe
|
0-0: Ball 1-0: Foul Ball, location: 2F 1-1: Called Strike 1-2: SINGLE (Groundball, 56, EV 106.9 MPH) (infield hit)
|
|
Batting: RHB Pablo Nunez
|
0-0: Called Strike 0-1: Hit by Pitch Johnny Lowe to second
|
|
Batting: RHB Juan Carrillo
|
0-0: Ball 1-0: Ball 2-0: Ball 3-0: Foul Ball, location: 2F 3-1: SINGLE (Groundball, 6S, EV 63.8 MPH) (infield hit) Johnny Lowe to third Pablo Nunez to second
|
|
Batting: LHB Billy Lang
|
0-0: Ball 1-0: Swinging Strike 1-1: Called Strike 1-2: Ball 2-2: Foul Ball, location: 2F 2-2: Ball 3-2: Fly out, F7 (Flyball, 78S, EV 77.5 MPH)
|
|
Batting: SHB Justin Houser
|
0-0: Called Strike 0-1: Ball 1-1: Ball 2-1: Grounds into double play, 4-6-3 (Groundball, 4, EV 79.4 MPH)
|
| Top of the 5th over - 0 runs, 2 hits, 0 errors, 2 left on base; Johnson City 0 - Billings 1 |
| BOTTOM OF THE 5TH |
|
Billings Mustangs batting - Pitching for Johnson City Cardinals : RHP Jaquan Alston
|
|
Batting: RHB Will Trudeau
|
0-0: TRIPLE (Line Drive, 9LD, EV 108.1 MPH)
|
|
Batting: LHB Alex Ramos
|
0-0: Ball 1-0: SINGLE (Line Drive, 4MD, EV 96.2 MPH) Will Trudeau scores
|
|
Batting: RHB Omar Garce
|
0-0: Swinging Strike 0-1: Called Strike 0-2: Ground out 4-3 (Groundball, 34, EV 82.5 MPH) Alex Ramos to second
|
|
Batting: RHB Alex de Leon
|
0-0: Ball 1-0: Ball 2-0: Ball 3-0: Base on Balls
|
|
Batting: SHB Jaivata Mohanty
|
0-0: Ball 1-0: Called Strike 1-1: Ball 2-1: Called Strike 2-2: Foul Ball, location: 2F 2-2: Ball 3-2: Strikes out swinging
|
|
Batting: RHB Alex Villagomez
|
0-0: Fielders Choice at 2nd, 6-4 (Groundball, 6, EV 85.6 MPH)
|
| Bottom of the 5th over - 1 run, 2 hits, 0 errors, 2 left on base; Johnson City 0 - Billings 2 |
| TOP OF THE 6TH |
|
Johnson City Cardinals batting - Pitching for Billings Mustangs : RHP Larry McPhee
|
|
Batting: LHB Ignacio Ocampo
|
0-0: Ball 1-0: Called Strike 1-1: Ball 2-1: Ground out 4-3 (Groundball, 4, EV 110.6 MPH)
|
|
Pitching: RHP Kevin Larner
|
|
|
Batting: RHB McGwire Jones
|
0-0: Ball 1-0: Ball 2-0: Called Strike 2-1: Ball 3-1: Fly out, F9 (Flyball, 9D, EV 88.8 MPH)
|
|
Batting: RHB Jonathan Winkler
|
0-0: Ball 1-0: Ball 2-0: Called Strike 2-1: Called Strike 2-2: Strikes out looking
|
| Top of the 6th over - 0 runs, 0 hits, 0 errors, 0 left on base; Johnson City 0 - Billings 2 |
| BOTTOM OF THE 6TH |
|
Billings Mustangs batting - Pitching for Johnson City Cardinals : RHP Jaquan Alston
|
|
Batting: SHB David Garnica
|
0-0: Called Strike 0-1: Foul Ball, location: 2F 0-2: SOLO HOME RUN (Flyball, 89XD, EV 108.1 MPH), Distance : 408 ft
|
|
Batting: RHB Alex Juarez
|
0-0: Called Strike 0-1: Foul Ball, location: 2F 0-2: Ball 1-2: SINGLE (Groundball, 56D, EV 103.1 MPH)
|
|
Pitching: RHP Ricky Enriquez
|
|
|
Batting: RHB Gabriel Arias
|
0-0: Ball 1-0: Called Strike Alex Juarez steals 2nd base 1-1: Ball 2-1: Foul Ball, location: 2F 2-2: SINGLE (Line Drive, 6MD, EV 100.6 MPH) Alex Juarez to third Runner from 3rd tries for Home, throw by CF and OUT! 8-2
|
|
Batting: RHB Will Trudeau
|
0-0: Ball 1-0: Fly out, F9 (Flyball, 89M, EV 85.6 MPH)
|
|
Batting: LHB Alex Ramos
|
0-0: Swinging Strike 0-1: Called Strike 0-2: Strikes out swinging
|
| Bottom of the 6th over - 1 run, 3 hits, 0 errors, 1 left on base; Johnson City 0 - Billings 3 |
| TOP OF THE 7TH |
|
Johnson City Cardinals batting - Pitching for Billings Mustangs : RHP Kevin Larner
|
|
Batting: SHB Justin Towry
|
0-0: Ball 1-0: Ball 2-0: Swinging Strike 2-1: Ball 3-1: Base on Balls
|
|
Batting: RHB Johnny Lowe
|
0-0: Ball 1-0: Ball 2-0: Foul Ball, location: 2F 2-1: Grounds into double play, 6-4-3 (Groundball, 6, EV 86.9 MPH)
|
|
Batting: RHB Pablo Nunez
|
0-0: Ball 1-0: Called Strike 1-1: Swinging Strike 1-2: Ball 2-2: Foul Ball, location: 2F 2-2: Foul Ball, location: 2F 2-2: Strikes out swinging
|
| Top of the 7th over - 0 runs, 0 hits, 0 errors, 0 left on base; Johnson City 0 - Billings 3 |
| BOTTOM OF THE 7TH |
|
Billings Mustangs batting - Pitching for Johnson City Cardinals : RHP Ricky Enriquez
|
|
Batting: RHB Omar Garce
|
0-0: Foul Ball, location: 2F 0-1: Ball 1-1: Foul Ball, location: 2F 1-2: Fly out, F8 (Flyball, 8LD, EV 101.2 MPH)
|
|
Batting: RHB Alex de Leon
|
0-0: Ball 1-0: Ball 2-0: Swinging Strike 2-1: Called Strike 2-2: Ball 3-2: Ground out 1-3 (Groundball, P, EV 66.9 MPH)
|
|
Batting: SHB Jaivata Mohanty
|
0-0: Ball 1-0: Called Strike 1-1: Swinging Strike 1-2: Foul Ball, location: 2F 1-2: Ball 2-2: Ball 3-2: Fly out, F7 (Flyball, 7LM, EV 107.5 MPH)
|
| Bottom of the 7th over - 0 runs, 0 hits, 0 errors, 0 left on base; Johnson City 0 - Billings 3 |
| TOP OF THE 8TH |
|
Johnson City Cardinals batting - Pitching for Billings Mustangs : RHP Kevin Larner
|
|
Batting: RHB Juan Carrillo
|
0-0: Called Strike 0-1: Swinging Strike 0-2: Foul Ball, location: 2F 0-2: Foul Ball, location: 2F 0-2: Ground out 5-3 (Groundball, 56, EV 104.4 MPH)
|
|
Batting: LHB Billy Lang
|
0-0: Foul Ball, location: 2F 0-1: Ball 1-1: Ball 2-1: Fly out, F6 (Line Drive, 6, EV 75.6 MPH)
|
|
Batting: SHB Justin Houser
|
0-0: Ball 1-0: Ball 2-0: Called Strike 2-1: Called Strike 2-2: Strikes out looking
|
| Top of the 8th over - 0 runs, 0 hits, 0 errors, 0 left on base; Johnson City 0 - Billings 3 |
| BOTTOM OF THE 8TH |
|
Billings Mustangs batting - Pitching for Johnson City Cardinals : RHP Ricky Enriquez
|
|
Batting: RHB Alex Villagomez
|
0-0: Ball 1-0: Ball 2-0: Ball 3-0: Called Strike 3-1: Called Strike 3-2: Foul Ball, location: 2F 3-2: Strikes out swinging
|
|
Batting: SHB David Garnica
|
0-0: Swinging Strike 0-1: Ball 1-1: Ball 2-1: Foul Ball, location: 2F 2-2: Strikes out swinging
|
|
Batting: RHB Alex Juarez
|
0-0: Ball 1-0: Foul Ball, location: 2F 1-1: Hit by Pitch
|
|
Batting: RHB Gabriel Arias
|
0-0: Ball 1-0: Foul Ball, location: 2F 1-1: Foul Ball, location: 2F 1-2: Ball 2-2: DOUBLE (Flyball, 89D, EV 112.5 MPH) Alex Juarez to third Runner from 3rd tries for Home, throw by RF and OUT! 9-4-2
|
| Bottom of the 8th over - 0 runs, 1 hit, 0 errors, 1 left on base; Johnson City 0 - Billings 3 |
| TOP OF THE 9TH |
|
Johnson City Cardinals batting - Pitching for Billings Mustangs : RHP Kevin Larner
|
|
Pitching: RHP Guang Jue
|
|
|
Batting: LHB Ignacio Ocampo
|
0-0: Swinging Strike 0-1: Ball 1-1: Foul Ball, location: 2F 1-2: Ball 2-2: Fly out, F9 (Flyball, 89M, EV 91.9 MPH)
|
|
Batting: RHB McGwire Jones
|
0-0: Called Strike 0-1: SINGLE (Line Drive, 6M, EV 101.2 MPH)
|
|
Batting: RHB Jonathan Winkler
|
0-0: Ball Wild Pitch! McGwire Jones to second 1-0: Ball 2-0: Fly out, F7 (Flyball, 7, EV 87.5 MPH)
|
|
Batting: SHB Justin Towry
|
0-0: Foul Ball, location: 2F 0-1: Ball 1-1: Ground out 4-3 (Groundball, 4, EV 101.2 MPH)
|
| Top of the 9th over - 0 runs, 1 hit, 0 errors, 1 left on base; Johnson City 0 - Billings 3 |
|